[Event "Swietokrzyskie GM Chess-ch 2022"]
[Site "Zagnansk"]
[Date "2022.05.01"]
[Round "3.2"]
[White "Fus, FM Jakub"]
[Black "Mikrut, IM Dariusz"]
[Result "1-0"]
[ECO "E91"]
[WhiteElo "2377"]
[BlackElo "2361"]
[Annotator "TA"]
[PlyCount "103"]
[EventDate "2022.04.29"]
[EventCountry "POL"]
[SourceTitle "playchess.com"]
[Source "ChessBase"]
[SourceQuality "1"]
[TimeControl "40/5400+30:1800+30"]

1. d4 d6 2. Nf3 Nf6 3. c4 g6 4. Nc3 Bg7 5. e4 O-O 6. Be2 Bg4 7. Be3 Nfd7 8. Ng1 Bxe2 9. Ngxe2 c5 10. O-O cxd4 {[%emt 0:00:36] 10...cxd4 is better than 10...Nc6.} 11. Nxd4 Nc6 12. b3 {[%emt 0:02:00] E91: King's Indian: Classical: 6 Be2, unusual replies including 6...c5 and 6...Bg4.} Qa5 {[%emt 0:03:07] was the old line (12...a6).} 13. Rc1 Rfc8 {[%emt 0:01:57] [#]} 14. Nxc6 $146 {[%emt 0:03:44] White is slightly better.} ({Predecessor:} 14. Qd2 a6 15. Rfd1 Nc5 16. f3 Rab8 17. Nd5 Qxd2 18. Rxd2 Bxd4 19. Bxd4 Re8 20. Bf2 f6 21. Kf1 {1-0 (72) Vazquez,G (2527)-Garcia Pantoja,R (2526) Chess.com INT 2020}) 14... bxc6 15. Bd4 Bh6 16. f4 e5 17. Be3 exf4 18. Bxf4 ({Reject} 18. Qxd6 fxe3 19. Qxd7 Rc7 $17) 18... Bxf4 19. Rxf4 Qg5 20. Qxd6 Ne5 21. Qf6 Qxf6 22. Rxf6 Rd8 $1 23. Rc2 Rd3 24. h3 Rad8 25. Na4 Kg7 26. Rf1 Rd2 27. Rxd2 Rxd2 $11 {[%emt 0:00:07][%mdl 4096] Endgame KRN-KRN} 28. Rf2 Rd1+ 29. Kh2 Nd3 30. Re2 Kf6 31. Nc3 Rc1 32. e5+ Ke7 33. Ne4 Nxe5 $2 {[%emt 0:04:40] This costs Black the game.} (33... Ra1 $11 {and Black stays safe.}) 34. Nf2 $18 f6 35. Nd3 $1 Rd1 36. Nxe5 fxe5 37. Rxe5+ {[%emt 0:00:03] KR-KR} Kf6 38. Rc5 Rd6 39. Kg3 Ke7 40. Ra5 Rd7 41. Kf4 Kd6 42. Kg5 c5 (42... Ke7 $142 43. Kf4 Ke6) 43. g4 {[%emt 0:13:58] [#] Black must now prevent Kf6.} Kc6 $2 (43... Rc7 44. Kf6 Kd7) 44. Ra6+ Kb7 45. Re6 Rd2 46. Re7+ Kb6 47. Rxh7 Rxa2 48. Rh8 Kb7 49. Kxg6 {[%emt 0:00:21] [#] Intending h4 and mate.} Rb2 50. h4 Rxb3 51. h5 a5 52. h6 {[%emt 0:00:04] Weighted Error Value: White=0.02 (flawless) /Black=0.52} 1-0

[Event "Swietokrzyskie GM Chess-ch 2022"]
[Site "Zagnansk"]
[Date "2022.05.01"]
[Round "3.3"]
[White "Stoyanov, IM Tsvetan"]
[Black "Budisavljevic, GM Luka"]
[Result "1/2-1/2"]
[ECO "A13"]
[WhiteElo "2424"]
[BlackElo "2509"]
[Annotator "TA"]
[PlyCount "113"]
[EventDate "2022.04.29"]
[EventCountry "POL"]
[SourceTitle "playchess.com"]
[Source "ChessBase"]
[SourceQuality "1"]
[TimeControl "40/5400+30:1800+30"]

1. c4 e6 2. Nf3 Nf6 3. e3 d5 4. Nc3 a6 5. d4 c5 6. dxc5 Bxc5 7. a3 dxc4 8. Qxd8+ Kxd8 9. Bxc4 {[%emt 0:00:11] D40: Queen's Gambit Declined: Semi-Tarrasch with 5 e3.} b5 10. Bd3 Bb7 11. b4 Bd6 12. Bb2 Nbd7 13. Ke2 Ke7 14. Rac1 {[%emt 0:04:01] [#]} Rhg8 $5 $146 {[%emt 0:07:19][%mdl 8] New and interesting.} ({Predecessor:} 14... Rac8 15. Nb1 g5 16. h3 h5 17. Rxc8 Rxc8 18. Nxg5 Bxg2 19. Rg1 Bb7 20. Nd2 Be5 21. Bxe5 Nxe5 {½-½ (40) Vernersson,P (2290)-Hillarp Persson,T (2543) Vaxjo 2018}) 15. e4 (15. h4 $11 {keeps the balance.}) 15... g5 $17 16. g3 g4 17. Nd2 Ne5 18. Bb1 Nfd7 19. h3 h5 20. hxg4 hxg4 21. Rh5 Rh8 22. Rxh8 Rxh8 23. Nd1 Ra8 24. Nb3 Nc4 25. Bd3 Nxb2 26. Nxb2 Rh8 27. Nd1 Ne5 28. Na5 Ba8 29. Bb1 (29. Ne3 $15) 29... Rh1 $36 {[%emt 0:06:35][%mdl 2048] White is under strong pressure.} 30. Nb3 Nc4 31. Bd3 Nxa3 32. Nc5 f5 $1 {[%emt 0:03:09] Hoping for ...fxe4.} 33. exf5 (33. Ra1 $142 fxe4 34. Rxa3 exd3+ 35. Kd2) 33... Bf3+ $19 34. Kd2 Rh2 $2 (34... Bxc5 $19 35. bxc5 Bxd1) 35. Ke3 $2 (35. Rc3 $1 $11 Nc4+ 36. Bxc4 bxc4 37. Re3) 35... a5 {[%emt 0:06:18] aiming for ...Rh1.} 36. Nc3 axb4 37. Nxb5 $2 (37. f6+ $17 Kxf6 38. N5e4+ Ke7 39. Nxd6 Kxd6 40. Nxb5+ Nxb5 41. Bxb5) 37... Rh1 (37... Nxb5 $142 38. Bxb5 Rh1) 38. Nb3 $2 (38. f6+ {was the crucial defense.} Kxf6 39. Nd7+ Ke7 40. Rxh1 Bxh1 41. Nxd6) 38... Rxc1 39. Nxc1 Nxb5 40. Bxb5 exf5 {[%emt 0:00:00][%mdl 4096] Endgame KBB-KBN} (40... Bc5+ $1 $19 41. Kd2 Bxf2 42. f6+ Kxf6) 41. Nd3 $17 Bd5 (41... Kf6 $17 {And now ...Bc7 would win.} 42. Kd4 Bd1) 42. Kd4 $15 {[%emt 0:00:52] [#]} Be6 (42... Bg2 $1 $17 43. Ne1 Be4) 43. Bc4 Bd7 44. Bd5 Bb5 45. Bb3 ({White should play} 45. Bc4 $15 Ba4 46. Bg8) 45... Kf6 $17 {[%emt 0:00:53] White must now prevent ...Bb8.} 46. Nf4 {[%emt 0:00:36] [#]} Bc6 (46... Bf1 $1 $17 47. Nd5+ Kg5) 47. Nd5+ $15 Kg7 48. Ne3 Kg6 ({Better is} 48... Bd7 $1 $15) 49. Bc2 $11 {[%emt 0:00:20] The position is equal.} Bd7 50. Nxg4 b3 51. Bd3 Kg5 52. Ne3 Be6 53. f4+ Kf6 54. Kc3 Bc5 55. Nxf5 Bxf5 56. Bxf5 Kxf5 57. Kxb3 {[%emt 0:00:03] And White is the lucky defender.  Weighted Error Value: White=0.36/Black=0.33} 1/2-1/2

[Event "Swietokrzyskie GM Chess-ch 2022"]
[Site "Zagnansk"]
[Date "2022.05.01"]
[Round "3.5"]
[White "Tazbir, GM Marcin"]
[Black "Chatalbashev, GM Boris"]
[Result "1/2-1/2"]
[ECO "B09"]
[WhiteElo "2506"]
[BlackElo "2539"]
[Annotator "TA"]
[PlyCount "88"]
[EventDate "2022.04.29"]
[EventCountry "POL"]
[SourceTitle "playchess.com"]
[Source "ChessBase"]
[SourceQuality "1"]
[TimeControl "40/5400+30:1800+30"]

1. e4 g6 2. d4 Bg7 3. Nc3 d6 4. f4 Nf6 5. Nf3 O-O 6. Bd3 Nc6 7. e5 dxe5 8. fxe5 Nh5 9. Be3 Bg4 10. Be2 f6 11. exf6 exf6 12. Qd2 {[%emt 0:02:13] was the old line (12.0-0). B09: Pirc Defence: Austrian Attack.} Ne7 13. Bd3 Bxf3 14. gxf3 Qd7 {[%emt 0:00:22] [#]} 15. O-O-O $146 ({Predecessor:} 15. Ne4 Nd5 16. Bc4 Kh8 17. O-O-O f5 18. Nc3 Nxe3 19. Qxe3 Rfe8 20. Qd2 a6 21. Kb1 {0-1 (42) Schroeder,J (2550)-Chatalbashev,B (2551) Germany 2017}) 15... Nf5 16. Bxf5 Qxf5 17. Rhf1 Rad8 18. Kb1 Rfe8 19. Ne4 Qd5 20. Nc3 Qc4 21. Qd3 (21. Rfe1 $11) 21... Qxd3 $15 22. Rxd3 f5 23. a4 (23. Rfd1 $15) 23... c5 $17 24. Nb5 a6 25. Na3 cxd4 ({Much worse is} 25... Bxd4 $6 26. Rfd1 $15) 26. Rfd1 Be5 27. h3 Kg7 (27... Rd7 $17 28. Bd2 Bf6) 28. Bxd4 Bxd4 29. Rxd4 Rxd4 30. Rxd4 $15 {[%emt 0:00:02][%mdl 4096] Endgame KRN-KRN} Re3 ({Better is} 30... Re7 $17) 31. Rd7+ $11 Kh6 32. Rxb7 Rxf3 33. c4 {[%emt 0:00:09] [#] Strongly threatening c5.} Rf1+ ({Of course not} 33... Rxh3 34. c5 Nf6 35. c6 $14) (33... Nf4 $15 {should be considered.}) 34. Kc2 {[%emt 0:00:31] aiming for c5.} Ng7 35. c5 (35. Rd7 $14) 35... Ne6 36. b4 f4 {[%emt 0:01:05] [#]} (36... Rf3 $1 $11 {keeps the balance.} 37. Nc4 Nd4+ 38. Kd2 Nb3+ 39. Ke2 Nd4+ 40. Kd2 Nb3+ 41. Ke2 Nd4+ 42. Kd2) 37. Nc4 $1 $16 a5 (37... Ra1 $16) 38. bxa5 $2 ({White has to play} 38. Nxa5 $18 {Black must now prevent Nb3.} Ra1 39. Kc3) 38... Nxc5 (38... Rf2+ 39. Kc3 Nxc5 40. Rf7 $16) 39. Rb5 Ne6 (39... Rf2+ $11 40. Nd2 Ne4) 40. Re5 $2 (40. a6 $18 Ra1 41. Rb4) 40... Nd4+ 41. Kd3 (41. Kb2 $5 Rf2+ 42. Kc3 $14) 41... Rd1+ $1 {[%emt 0:17:42] The position is equal.} 42. Ke4 {[%emt 0:04:37] Threatens to win with a6.} Nc6 $1 43. Rd5 {[%emt 0:13:39] Inhibits Rd4+.} (43. Kxf4 g5+ 44. Kf5 Nxe5 45. Kxe5 Rd7 $19) 43... Rc1 44. Nb6 {[%emt 0:00:36] Hoping for a6.} Rb1 {[%emt 0:05:43] Weighted Error Value: White=0.27 (precise) /Black=0.26 (precise)} 1/2-1/2

[Event "Swietokrzyskie GM Chess-ch 2022"]
[Site "Zagnansk"]
[Date "2022.05.02"]
[Round "4.1"]
[White "Kowalski, IM Igor"]
[Black "Chatalbashev, GM Boris"]
[Result "0-1"]
[ECO "B36"]
[WhiteElo "2370"]
[BlackElo "2539"]
[Annotator "TA"]
[PlyCount "108"]
[EventDate "2022.04.29"]
[EventCountry "POL"]
[SourceTitle "playchess.com"]
[Source "ChessBase"]
[SourceQuality "1"]
[TimeControl "40/5400+30:1800+30"]

1. e4 c5 2. Nf3 Nc6 3. d4 cxd4 4. Nxd4 g6 5. c4 Nf6 6. Nc3 d6 7. Be2 Nxd4 8. Qxd4 Bg7 9. Be3 O-O 10. Qd2 a5 11. O-O a4 12. Rac1 Qa5 13. f3 Be6 14. Nd5 {[%emt 0:04:43] 14.Rfd1 deserves study. B36: Sicilian: Maroczy Bind: Gurgenidze System.} Qxd2 15. Bxd2 Bxd5 16. cxd5 {[%emt 0:00:06] White is slightly better.} Nd7 17. Rc7 Bd4+ 18. Kh1 Nc5 19. Bg5 (19. Rxe7 Rac8 20. Ba5 Bxb2 $16) 19... f6 20. Bc1 {[%emt 0:04:29] Strongly threatening Rd1.} Rf7 21. g4 e5 22. Rxf7 Kxf7 {[%emt 0:00:04] [#]} 23. h4 $146 ({Predecessor:} 23. Rd1 Ke7 24. Kg2 b5 25. g5 b4 26. h4 b3 27. a3 Nd7 28. gxf6+ Kxf6 29. Bb5 {½-½ (41) Sakelsek,T (2479)-Kovacevic,B (2482) Austria 2007}) 23... h6 24. Bb5 h5 25. gxh5 gxh5 26. Kh2 Rg8 27. Kh3 Ke7 28. Bc4 b5 29. Bxb5 Rb8 30. Be2 Bxb2 31. Be3 Bd4 32. Bxd4 (32. Bc1 $1 $11 {and White is okay.}) 32... exd4 $11 {[%emt 0:00:03][%mdl 4096] Endgame KRB-KRN} 33. Rd1 Rb2 34. Bc4 d3 35. Kg3 d2 36. a3 Nb3 37. Kf2 Rc2 38. Bb5 Rc1 39. Be2 f5 40. Ke3 (40. exf5 $17 {only move.} Kf6 41. f4) 40... Kf6 41. Kf4 Rc2 42. Rg1 $2 (42. Ke3) 42... Nc1 $2 (42... Rc1 43. Bd1 $17) (42... Nd4 $19 {is more deadly.} 43. Ke3 Nb3) 43. Bd1 $17 Rc3 {[%emt 0:00:47] Black is more active.} (43... Ra2 $1 $17 44. Ke3 fxe4 45. fxe4 Rxa3+ 46. Kxd2 Nb3+ 47. Kd3 Nc5+ 48. Kd4 Rd3+ 49. Kc4 Rh3 50. Rf1+ Ke5 51. Bxh5 Nxe4) 44. exf5 $15 Rxa3 (44... Nd3+ $15 45. Ke3 Rxa3 46. Kxd2 Nf4) 45. Rg6+ $11 Kf7 {[%emt 0:00:43] ...Nd3+ is the strong threat.} 46. Rh6 ({Don't play} 46. Rxd6 Nd3+ 47. Ke3 Nb2+ 48. Ke2 Ra1 $19) (46. Kg5 $1 $11 {was the only way to keep the balance.}) 46... Ra1 $17 {[%emt 0:03:38] Hoping for ...Nb3.} 47. Ke3 {[%emt 0:05:25] [#]} Nb3 (47... a3 $1 $17 {[%cal Ra3a2] White must now prevent ...a2.} 48. Rxd6 a2 49. Kxd2 Rb1) 48. Ke2 $11 a3 49. Rh7+ $2 (49. Rxd6 $11 a2 50. Ra6) 49... Kf6 (49... Kg8 $19 {has better winning chances. ( -> ...Rxd1)} 50. Ra7 {[#]} a2 $1 51. Bxb3 (51. Ra8+ $2 Kg7 $19) 51... Re1+ 52. Kxd2 a1=Q 53. Rxa1 Rxa1) 50. Ra7 $2 {[%emt 0:00:33][%mdl 8192] [#]} (50. Bxb3 $17 a2 51. Kxd2 (51. Rh6+ $2 Kg7 $19) 51... Rd1+ 52. Bxd1) 50... a2 $1 $19 {[%emt 0:00:28][%cal Oa1d1] Black is clearly winning.} 51. Bxb3 (51. Ra6 Nc1+) 51... Re1+ 52. Kxd2 a1=Q 53. Rxa1 Rxa1 54. Bc2 Rh1 {[%emt 0:00:16] Weighted Error Value: White=0.69/Black=0.35} 0-1

[Event "Swietokrzyskie GM Chess-ch 2022"]
[Site "Zagnansk"]
[Date "2022.05.02"]
[Round "4.2"]
[White "Szpar, IM Milosz"]
[Black "Tazbir, GM Marcin"]
[Result "0-1"]
[ECO "C55"]
[WhiteElo "2434"]
[BlackElo "2506"]
[Annotator "TA"]
[PlyCount "50"]
[EventDate "2022.04.29"]
[EventCountry "POL"]
[SourceTitle "playchess.com"]
[Source "ChessBase"]
[SourceQuality "1"]
[TimeControl "40/5400+30:1800+30"]

1. e4 e5 2. Nf3 Nc6 3. Bc4 Nf6 4. d3 h6 5. O-O d6 6. a4 g6 {[%emt 0:01:23] C55: Two Knights: 4 d3, 4 d4 exd4 5 e5 and Max Lange Attack.} 7. a5 a6 8. Nc3 Bg7 {[%emt 0:01:38] White is slightly better.} 9. Re1 O-O 10. h3 Kh7 11. Be3 Be6 12. Bxe6 fxe6 13. d4 {[%emt 0:00:20] [#]} exd4 $5 $146 {[%emt 0:02:50][%mdl 8] New and interesting.} ({Predecessor:} 13... Nh5 14. d5 exd5 15. Nxd5 Rf7 16. Ra3 Qd7 17. Bd2 Raf8 18. Rd3 Nf6 19. Nxf6+ Rxf6 {½-½ (47) Madej,M (2017)-Karolczuk,I (2328) Sypniewo 2022}) 14. Nxd4 Nxd4 15. Bxd4 Nd7 16. Be3 Ne5 17. Qe2 g5 18. Ra3 {[%emt 0:07:08] [#]} (18. Rf1 $11 {keeps the balance.}) 18... g4 $1 $17 {[%emt 0:06:11] And now ...Qh4 would win.} 19. Kh2 {[%emt 0:06:54] This costs White the game.} (19. Bc1 $17) 19... Qh4 20. Rh1 Rf7 21. Ra4 (21. g3 $142 Qxh3+ 22. Kg1 Nf3+ 23. Qxf3 Rxf3 24. Rxh3 gxh3 25. Kh2) 21... Raf8 $19 22. Nd1 {[%emt 0:01:48] [#]} (22. Kg1 g3 23. f3) 22... Nf3+ $1 {[%emt 0:02:41][%mdl 512] Black is clearly winning.} 23. gxf3 (23. Qxf3 gxf3) 23... Qxh3+ 24. Kg1 {[%emt 0:00:06] [#]} gxf3 $1 25. Rxh3 fxe2 {[%emt 0:00:07] Weighted Error Value: White=0.86/Black=0.03 (flawless)} 0-1

[Event "Swietokrzyskie GM Chess-ch 2022"]
[Site "Zagnansk"]
[Date "2022.05.02"]
[Round "4.3"]
[White "Budisavljevic, GM Luka"]
[Black "Samunenkov, FM Ihor"]
[Result "1/2-1/2"]
[ECO "B13"]
[WhiteElo "2509"]
[BlackElo "2372"]
[Annotator "TA"]
[PlyCount "131"]
[EventDate "2022.04.29"]
[EventCountry "POL"]
[SourceTitle "playchess.com"]
[Source "ChessBase"]
[SourceQuality "1"]
[TimeControl "40/5400+30:1800+30"]

1. e4 c6 2. d4 d5 3. exd5 cxd5 4. Bd3 Nf6 5. c3 Bg4 6. Qb3 Qc7 7. h3 {[%emt 0:01:24] B13: Caro-Kann: Exchange Variation and Panov-Botvinnik Attack.} Bd7 8. Ne2 Bc6 (8... Nc6 $1 $11) 9. Bf4 $14 {[%emt 0:01:29] [#] White is slightly better.} Qd8 $146 ({Predecessor:} 9... Qd7 10. Qd1 Bb5 11. Bc2 e6 12. O-O Bd6 13. Bxd6 Qxd6 14. Re1 Bxe2 15. Qxe2 Nc6 {0-1 (57) Sarakauskas,G (2449)-Pantsulaia,L (2617) Plovdiv 2008}) 10. Na3 a6 11. Nc2 e6 12. Ne3 Bd6 13. Bg5 Nbd7 14. Ng4 Qc7 15. Nxf6+ Nxf6 16. O-O Ne4 17. Be3 b5 18. Qc2 O-O 19. f3 Nf6 20. Bg5 Kh8 21. Bxf6 gxf6 22. g4 Bf4 {[%emt 0:05:27] Against Qd2} (22... f5 $15) 23. Kh1 h6 24. Nxf4 Qxf4 25. Qc1 Qxc1 26. Rfxc1 Rfb8 27. Kg2 Kg7 28. Kf2 Kf8 29. a3 Ke7 30. f4 a5 31. Ke3 Kd6 32. b3 Rc8 33. Kd2 Rab8 34. Rf1 Rh8 35. Be2 Rbc8 36. Rg1 Rcg8 37. Bf3 Rc8 38. Rac1 Bd7 39. Be2 Rb8 40. Rg3 Rhg8 41. Rcg1 Rg7 42. R3g2 Rbg8 43. Bf3 Bc6 44. Re1 (44. h4 $14) 44... Re8 45. Rge2 Rgg8 46. Re3 Bd7 47. Be2 Bc6 48. Bd1 Bd7 49. Bf3 Bc6 50. Rc1 Rc8 51. Rce1 Rce8 52. Rf1 Bd7 53. Rf2 (53. Ree1 {is interesting.} f5 54. b4 Ra8 55. Kd3) 53... Bc6 54. Bg2 Bd7 55. Rd3 Rc8 56. Kd1 Rce8 (56... b4 $5) 57. Re3 Rc8 58. Bf1 Rcd8 59. Kd2 Bc6 60. Bd3 Rc8 61. Rfe2 Rce8 62. Rf2 Rc8 63. Rf1 Rcd8 64. Rfe1 Rde8 65. Be2 Rgf8 66. Bf3 {[%emt 0:00:19] Weighted Error Value: White=0.08 (flawless) /Black=0.09 (flawless)} 1/2-1/2

[Event "Swietokrzyskie GM Chess-ch 2022"]
[Site "Zagnansk"]
[Date "2022.05.02"]
[Round "4.5"]
[White "Pacan-Milej, FM Kosma"]
[Black "Fus, FM Jakub"]
[Result "1-0"]
[ECO "A13"]
[WhiteElo "2404"]
[BlackElo "2377"]
[Annotator "TA"]
[PlyCount "97"]
[EventDate "2022.04.29"]
[EventCountry "POL"]
[SourceTitle "playchess.com"]
[Source "ChessBase"]
[SourceQuality "1"]
[TimeControl "40/5400+30:1800+30"]

1. c4 Nf6 2. Nf3 e6 3. g3 d5 4. Bg2 dxc4 5. Qa4+ Bd7 6. Qxc4 {[%emt 0:00:13] A13: English Opening: 1...e6.} c5 7. Ne5 Qc8 8. O-O {[%emt 0:00:55] The position is equal.} Nc6 9. Nxd7 Qxd7 10. Nc3 Rc8 11. d3 Nd4 {[%emt 0:09:19] White must now prevent ...b5.} 12. a4 {[%emt 0:00:24] Against b5} Be7 13. Bg5 O-O (13... Ng4 $5 14. Bf4 g5 $11) 14. e3 {[%emt 0:05:01] [#] Hoping for Bxf6.} Rfd8 $146 ({Predecessor:} 14... Nc6 15. Bxf6 Bxf6 16. Ne4 Bxb2 17. Rab1 Na5 18. Nxc5 Qd6 19. Qb4 Bc3 20. Qxc3 Rxc5 {1-0 (58) McShane,L (2661)-Idani,P (2604) Astana 2019}) 15. Rfd1 Nc6 16. Bxf6 gxf6 17. Qg4+ Kh8 18. Qh5 Qe8 19. Bxc6 Rxc6 20. d4 cxd4 21. exd4 a6 22. d5 Rcd6 23. Qf3 b6 24. Qe2 exd5 25. Qxa6 Qd7 (25... f5 $16) 26. Nb5 $18 Rc6 27. Nd4 Rc4 28. b3 Rb4 29. Rac1 ({White should try} 29. Qd3 $18) 29... Re8 (29... Bc5 $2 {[#]} 30. Rxc5 $1 Re8 31. Rc3 $18) 30. a5 {[%emt 0:02:26] White is more active.} bxa5 31. Qxa5 Bf8 32. Rd3 Rbb8 33. Qa6 Re4 (33... Qe7 $16 {was worth a try.}) 34. Qxf6+ Bg7 {[%emt 0:00:02] [#]} 35. Qf5 Qe8 (35... Qxf5 36. Nxf5) 36. Nf3 {[%emt 0:00:20] Strongly threatening Ng5.} ({Stronger than} 36. Qxd5 Rd8 37. Qf5 Rexd4 38. Rxd4 Bxd4 $17) 36... h6 {[%emt 0:01:07] Prevents Ng5.} 37. Rxd5 Qe6 38. Rc7 Kg8 39. Kg2 Rf8 40. Qxe6 Rxe6 41. Rdd7 Re2 (41... Ree8 {might work better.} 42. Rb7 Bf6) 42. Nh4 Be5 43. Rb7 Bc3 44. Nf5 Re6 45. Rd6 Rxd6 46. Nxd6 f5 47. Rb5 f4 48. Rf5 Rd8 49. Ne4 {[%emt 0:00:25] Weighted Error Value: White=0.09 (flawless) /Black=0.19 (very precise)} 1-0

[Event "Swietokrzyskie GM Chess-ch 2022"]
[Site "Zagnansk"]
[Date "2022.05.03"]
[Round "5.1"]
[White "Fus, FM Jakub"]
[Black "Kowalski, IM Igor"]
[Result "1/2-1/2"]
[ECO "D19"]
[WhiteElo "2377"]
[BlackElo "2370"]
[Annotator "TA"]
[PlyCount "63"]
[EventDate "2022.04.29"]
[EventCountry "POL"]
[SourceTitle "playchess.com"]
[Source "ChessBase"]
[SourceQuality "1"]
[TimeControl "40/5400+30:1800+30"]

1. d4 d5 2. c4 c6 3. Nf3 Nf6 4. Nc3 dxc4 5. a4 Bf5 6. e3 e6 7. Bxc4 Bb4 8. O-O O-O 9. Qe2 Bg6 10. Ne5 Nbd7 11. Nxg6 hxg6 12. Rd1 Qe7 {[%emt 0:13:25] 12...Qc7 is setting a new trend.} 13. e4 {[%emt 0:30:13] D19: Slav Defence: 5 a4 Bf5 6 e3: Main line with 9 Qe2.} e5 14. d5 cxd5 15. Nxd5 {[%emt 0:02:41] White is slightly better.} Nxd5 16. Bxd5 Nb6 17. Bb3 {[%emt 0:11:07] White is more active.} Rad8 18. Be3 {[%emt 0:06:01] [#]} Bc5 $146 ({Predecessor:} 18... Rxd1+ 19. Rxd1 Rd8 20. Rxd8+ Qxd8 21. Qb5 Qe7 22. a5 Nc8 23. Bd5 b6 24. Qc4 Bc5 25. axb6 axb6 {½-½ (51) Perdomo,L (2461)-Espineira Gonzalez,D (2339) Peniche 2021}) 19. Bxc5 Qxc5 20. a5 Rxd1+ 21. Qxd1 Nc8 22. Qd5 Qb4 23. g3 Ne7 24. Qc4 Qxc4 25. Bxc4 $14 {[%emt 0:00:04][%mdl 4096] Endgame KRB-KRN} Rd8 {[%emt 0:00:03] Against Rd1} 26. a6 b6 (26... bxa6 $1 $14 27. Rxa6 Rd4) 27. Rc1 (27. f4 $16) 27... Rc8 $1 $11 {[%emt 0:05:15][%cal Ob6b5] [#] Threatens to win with ...b5! The position is equal.} 28. Rc3 g5 29. Kf1 g6 30. Ke1 Kg7 31. Kd2 f5 32. Bd3 {[%emt 0:05:57] Weighted Error Value: White=0.06 (flawless) /Black=0.07 (flawless)} 1/2-1/2

[Event "Swietokrzyskie GM Chess-ch 2022"]
[Site "Zagnansk"]
[Date "2022.05.03"]
[Round "5.2"]
[White "Stoyanov, IM Tsvetan"]
[Black "Pacan-Milej, FM Kosma"]
[Result "1/2-1/2"]
[ECO "B17"]
[WhiteElo "2424"]
[BlackElo "2404"]
[Annotator "TA"]
[PlyCount "120"]
[EventDate "2022.04.29"]
[EventCountry "POL"]
[SourceTitle "playchess.com"]
[Source "ChessBase"]
[SourceQuality "1"]
[TimeControl "40/5400+30:1800+30"]

1. e4 c6 2. d4 d5 3. Nc3 dxe4 4. Nxe4 Nd7 5. Ng5 Ngf6 6. Bd3 e6 7. N1f3 Bd6 8. Qe2 h6 9. Ne4 Nxe4 10. Qxe4 c5 11. Bd2 Qc7 {[%emt 0:21:15] B17: Caro-Kann: Modern Line (4...Nd7).} 12. Qe2 a6 13. O-O-O cxd4 14. Nxd4 Nc5 {[%emt 0:01:07] [#]} 15. Nb3 $146 ({Predecessor:} 15. Rhe1 Nxd3+ 16. Qxd3 O-O 17. g4 Rd8 18. Qe4 Qc4 19. Ba5 Re8 20. Kb1 Bxh2 21. g5 hxg5 {1-0 (30) Gross,D (2360)-Stohl,I (2580) Pribram 1997}) 15... Nxb3+ (15... Nxd3+ $11 16. Qxd3 Be7) 16. axb3 $14 e5 ({Black should try} 16... Bf4 $14) 17. Rhe1 Be6 18. Bc3 O-O-O {[%emt 0:00:53] [#]} 19. Bxa6 $1 bxa6 20. Qxa6+ Kb8 (20... Kd7 $16) 21. Ba5 $18 {[%emt 0:01:23][%mdl 1024] White has strong compensation.} Qe7 22. Qb6+ (22. Bxd8 $6 Rxd8 23. Qb6+ Kc8 $14) 22... Ka8 23. Qc6+ Kb8 24. Qb6+ (24. Bxd8 $6 Rxd8 25. Qb6+ Kc8 $14) 24... Ka8 25. Qc6+ Kb8 {[%emt 0:00:05] [#]} 26. Bxd8 $2 (26. Rd3 $1 $18) 26... Rxd8 $11 27. Qb6+ Kc8 28. Re3 {[%emt 0:00:23] Threatens to win with Qa5.} Bc7 29. Qa6+ Kb8 30. Qb5+ Kc8 $1 31. Qa6+ Kb8 32. Rxd8+ Qxd8 33. Re4 {[%emt 0:00:17] Dancing on a razor blade.} Qd6 {[%emt 0:00:43] Prevents Rb4+.} (33... Qg5+ $2 34. f4 Qe7 35. Qb5+ (35. fxe5 Qc5 $11) (35. Ra4 Bd5 $11) 35... Kc8 36. Ra4 $18 (36. fxe5 Qd7 $14)) 34. Qb5+ Kc8 35. Ra4 Bd7 {[%emt 0:00:31] Against Qe8+} 36. Ra8+ Bb8 37. Qe2 Kb7 38. Ra3 f5 39. b4 e4 40. g3 Ba7 41. Kb1 Qb6 (41... Be6 $15) 42. Qd2 Qe6 43. c4 e3 (43... g5 $11 {keeps the balance.}) 44. fxe3 $16 Qe4+ (44... Bb6 $16 45. Qd3 (45. c5 Bc7 $16) 45... Bc6) 45. Ka1 $2 (45. Qd3 $18) 45... Be6 $11 46. Qc3 (46. Rxa7+ $11 Kxa7 47. b3) 46... Qxc4 $15 47. Qxg7+ Bf7 48. b3 Qd5 (48... Qe6 $1 $15) 49. Qf6 {[%emt 0:00:34] Strongly threatening Qa6+.} ({Much worse is} 49. Qf8 Qe5+ 50. Kb1 Qe6 $15) 49... Bb6 50. Qe7+ Bc7 {[%emt 0:00:19] A strong pair of Bishops.} 51. b5 Qd1+ 52. Kb2 {[%emt 0:00:28] The position is equal.} Qd2+ 53. Kb1 Bd5 54. Ra7+ $1 Kxa7 55. Qxc7+ Bb7 (55... Ka8 $5 56. Qc8+ Ka7 57. Qc7+ Bb7 $11) 56. Qc5+ Kb8 {[%emt 0:00:37] Hoping for ...Be4+.} 57. Qe5+ Ka8 58. Qa1+ Kb8 59. Qe5+ Ka8 {[%emt 0:00:12] ( -> ...Be4+)} 60. Qa1+ Kb8 {[%emt 0:00:06] Weighted Error Value: White=0.23 (precise) /Black=0.16 (very precise)} 1/2-1/2